 Dungeon Crawl Stone Soup version 0.23-a0-78-gc252fe1 (webtiles) character file.

8430 Amnesiac the Nimble (level 11, -6/87 HPs)
             Began as a Mummy Air Elementalist on Aug 10, 2018.
             Was a Believer of Sif Muna.
             Mangled by an eight-headed hydra (7 damage)
             ... on level 11 of the Dungeon.
             The game lasted 00:26:22 (14329 turns).

Amnesiac the Nimble (Mummy Air Elementalist)       Turns: 14329, Time: 00:26:23

Health: -6/87      AC:  7    Str: 12    XL:     11   Next: 9%
Magic:  1/29       EV: 16    Int: 18    God:    Sif Muna [**....]
Gold:   739        SH:  4    Dex: 12    Spells: 16/23 levels left

rFire    . . .     SeeInvis +   a - +0 hand axe (elec)
rCold    + + .     Gourm    .   A - +0 buckler (curse)
rNeg     + + +     Faith    .   e - +3 leather armour "Ybbuakhu" {rF+ rC+}
rPois    ∞         Spirit   .   (no helmet)
rElec    .         Reflect  .   B - +0 cloak (curse)
rCorr    .         Harm     .   (no gloves)
MR       +....                  (no boots)
Stlth    +.........             (no amulet)
HPRegen  0.24/turn              r - ring of see invisible
MPRegen  0.21/turn              n - ring of magical power

@: no casting
A: no food or potions, fire vulnerability, cold resistance 1, negative energy
resistance 3, torment resistance, unbreathing
a: Stop Divine Energy, Renounce Religion


You were on level 11 of the Dungeon.
You worshipped Sif Muna.
Sif Muna was pleased with you.
You were not hungry.

You visited 2 branches of the dungeon, and saw 12 of its levels.

You collected 803 gold pieces.
You spent 64 gold pieces at shops.

Inventory:

Hand Weapons
 a - a +0 hand axe of electrocution (weapon)
 b - a +0 long sword
 m - a +0 falchion of pain
Missiles
 h - 89 sling bullets
 i - 243 stones (quivered)
 k - 6 curare-tipped needles
Armour
 e - the +3 leather armour "Ybbuakhu" (worn) {rF+ rC+}
   (You found it on level 7 of the Dungeon)

   It protects you from fire.
   It protects you from cold.
 A - a cursed +0 buckler (worn)
 B - a cursed +0 cloak (worn)
Jewellery
 g - a +2 ring of intelligence
 n - a ring of magical power (right hand)
 r - a ring of see invisible (left hand)
Wands
 f - a wand of flame (27)
 o - a wand of iceblast (19)
 q - a wand of enslavement (17)
 t - a wand of polymorph (36)
 w - a wand of scattershot (3)
 z - a wand of paralysis (6)
 C - a wand of random effects (48)
Scrolls
 c - 7 scrolls of remove curse {!r}
 d - 7 scrolls of teleportation {!r}
 j - 3 scrolls of blinking {!r}
 l - a scroll of amnesia {!r}
 p - 2 scrolls of fog {!r}
 s - a scroll of enchant weapon {!r}
 u - 2 scrolls of identify {!r}
 v - 2 scrolls of summoning {!r}
 x - a scroll of fear {!r}
 y - 2 scrolls of enchant armour {!r}


   Skills:
 - Level 8.3 Fighting
 - Level 10.1 Dodging
 - Level 1.5 Stealth
 + Level 2.1 Shields
 + Level 6.5 Spellcasting
 - Level 0.7 Conjurations
 * Level 6.5 Air Magic


You had 16 spell levels left.
You knew the following spells:

 Your Spells              Type           Power        Failure   Level  Hunger
a - Airstrike             Air            ####......   13%         4    N/A
d - Shock                 Conj/Air       ###.         4%          1    N/A
z - Swiftness             Chrm/Air       ###.....     8%          2    N/A

Your spell library contained the following spells:

 Spells                   Type           Power        Failure   Level  Hunger
 Lightning Bolt           Conj/Air       ###.......   75%         5    N/A
 Confuse                  Hex            #.......     50%         3    N/A
 Confusing Touch          Hex            #.....       19%         1    N/A
 Metabolic Englaciation   Hex/Ice        #.........   99%         5    N/A
 Static Discharge         Conj/Air       ###.....     13%         3    N/A
 Petrify                  Tmut/Erth      #.......     88%         4    N/A
 Gell's Gravitas          Tloc           #.........   50%         3    N/A
 Yara's Violent Unravell  Hex/Tmut       #.........   99%         5    N/A

Dungeon Overview and Level Annotations

Branches:
Dungeon (11/15)            Temple (1/1) D:7             Orc (0/2) D:10
   Lair: D:8-11

Altars:
Ashenzari
Cheibriados
Dithmenos
Elyvilon
Fedhas
Gozag
Hepliaklqana
Kikubaaqudgha
Makhleb
Nemelex Xobeh
Okawaru
Qazlal
Ru
Sif Muna
Trog
Uskayaw
Vehumet
Wu Jian
Xom
Yredelemnul
Zin
The Shining One

Shops:
D:6 *(*!

Annotations:
D:7 Harold


Innate Abilities, Weirdness & Mutations

You do not eat or drink.
Your flesh is vulnerable to fire.
You are immune to poison.
Your flesh is cold resistant. (rC+)
You are immune to negative energy. (rN+++)
You are immune to unholy pain and torment.
You can survive without breathing.


Message History

Aiming: Airstrike (safe; 13% risk of failure)
Press: ? - help, Dir - move target cursor, f/p - eight-headed hydra
Aim: an eight-headed hydra (heavily wounded)
The air twists around and strikes the eight-headed hydra!
The eight-headed hydra is heavily wounded.
Casting: Airstrike (safe; 13% risk of failure)
Confirm with . or Enter, or press ? or * to list all spells.
Aiming: Airstrike (safe; 13% risk of failure)
Press: ? - help, Dir - move target cursor, f/p - eight-headed hydra
Aim: an eight-headed hydra (heavily wounded)
The air twists around and strikes the eight-headed hydra!
The eight-headed hydra is severely wounded.
The eight-headed hydra misses you. The eight-headed hydra bites you!
You block the eight-headed hydra's attack.
The eight-headed hydra completely misses you.
The eight-headed hydra bites you but does no damage. x3
The eight-headed hydra misses you.
Casting: Airstrike (safe; 13% risk of failure)
Confirm with . or Enter, or press ? or * to list all spells.
Aiming: Airstrike (safe; 13% risk of failure)
Press: ? - help, Dir - move target cursor, f/p - eight-headed hydra
Aim: an eight-headed hydra (severely wounded)
The air twists around and strikes the eight-headed hydra!
The eight-headed hydra is severely wounded.
The eight-headed hydra bites you but does no damage.
The eight-headed hydra misses you. The eight-headed hydra bites you! x3
The eight-headed hydra barely misses you. x2
You block the eight-headed hydra's attack.
Casting: Airstrike (safe; 13% risk of failure)
Confirm with . or Enter, or press ? or * to list all spells.
Aiming: Airstrike (safe; 13% risk of failure)
Press: ? - help, Dir - move target cursor, f/p - eight-headed hydra
Aim: an eight-headed hydra (severely wounded)
The air twists around and strikes the eight-headed hydra!
The eight-headed hydra is almost dead.
Sif Muna grants you divine energy.
You briefly lose access to your magic!
The eight-headed hydra bites you!
* * * LOW HITPOINT WARNING * * *
The eight-headed hydra misses you. The eight-headed hydra bites you.
* * * LOW HITPOINT WARNING * * *
The eight-headed hydra completely misses you.
You block the eight-headed hydra's attack.
The eight-headed hydra bites you!
* * * LOW HITPOINT WARNING * * *
You block the eight-headed hydra's attack.
The eight-headed hydra barely misses you.
The wraith completely misses you.
You regain access to your magic.
Casting: Airstrike (safe; 13% risk of failure)
Confirm with . or Enter, or press ? or * to list all spells.
Aiming: Airstrike (safe; 13% risk of failure)
Press: ? - help, Dir - move target cursor, f/p - eight-headed hydra
Aim: an eight-headed hydra (almost dead)
The air twists around and strikes the eight-headed hydra!
The eight-headed hydra is almost dead.
Sif Muna grants you divine energy.
You briefly lose access to your magic!
The eight-headed hydra bites you!
* * * LOW HITPOINT WARNING * * *
The eight-headed hydra bites you.
* * * LOW HITPOINT WARNING * * *
The eight-headed hydra barely misses you.
The eight-headed hydra bites you but does no damage.
The eight-headed hydra bites you!
You die...

#......#
#..#......#
#..#......+
#..#......#
#..#......#
#..#......#
#..#.<....#
#..###'####...
#.....@.......
#.....DW......
###...........
#.....#####.
##....# #....#
#....# #....#
#....#


You could see an eight-headed hydra and a wraith.

Vanquished Creatures
  A centaur zombie (D:7)
  5 slime creatures (D:10)
  Prince Ribbit (D:8)
  A hippogriff (D:9)
  Sigmund (D:6)
  Eustachio (D:6)
  Grum (D:8)
  Menkaure (D:6)
  A soldier ant (D:10)
  5 orc warriors
  An ice beast (D:7)
  4 sky beasts
  7 ogres
  3 phantoms
  A necrophage (D:8)
  3 wolves (D:8)
  A centaur (D:9)
  Blork the orc (D:4)
  5 big kobolds
  6 bullfrogs
  4 scorpions
  9 killer bees
  15 wights
  3 howler monkeys
  5 crimson imps
  4 jellies
  A quasit (D:9)
  A centaur skeleton (D:6)
  13 hounds
  5 orc priests
  3 bullfrog skeletons
  11 orc wizards
  9 worker ants
  2 worker ant zombies (D:9)
  12 adders
  8 gnolls
  3 shadow imps
  2 oozes
  3 adder skeletons
  3 worms
  2 dart slugs
  5 leopard geckos
  55 orcs
  6 bats
  7 giant cockroaches
  9 hobgoblins
  3 jackals
  20 kobolds
  3 quokkas
  3 ball pythons
  14 frilled lizards
  4 goblins
  A jackal skeleton (D:4)
  A jackal zombie (D:8)
  A leopard gecko skeleton (D:6)
  3 leopard gecko zombies
  2 quokka skeletons
  8 rats
  A plant (D:7)
314 creatures vanquished.

Vanquished Creatures (others)
  A leopard gecko (D:4)
  A plant (D:7)
2 creatures vanquished.

Grand Total: 316 creatures vanquished

Notes
Turn   | Place    | Note
-------+----------+-------------------------------------------
     0 | D:1      | Amnesiac the Mummy Air Elementalist began the quest for the Orb.
     0 | D:1      | Reached XP level 1. HP: 13/13 MP: 4/4
   292 | D:1      | Reached XP level 2. HP: 15/19 MP: 0/5
   296 | D:1      | Learned a level 2 spell: Swiftness
   934 | D:1      | Reached skill level 2 in Dodging
  1128 | D:2      | Reached XP level 3. HP: 19/25 MP: 1/7
  1370 | D:2      | Reached skill level 1 in Fighting
  2549 | D:3      | Reached XP level 4. HP: 32/32 MP: 5/8
  3534 | D:3      | Reached skill level 3 in Dodging
  3624 | D:3      | Found a faded altar of an unknown god.
  3789 | D:4      | Found a sacrificial altar of Ru.
  3821 | D:4      | Reached XP level 5. HP: 29/38 MP: 9/9
  3827 | D:4      | Learned a level 4 spell: Airstrike
  4077 | D:4      | Reached skill level 4 in Dodging
  4077 | D:4      | Reached XP level 6. HP: 45/46 MP: 10/10
  4164 | D:4      | Noticed a sky beast
  4219 | D:4      | Killed a sky beast
  4276 | D:4      | Found a stormy altar of Qazlal.
  4577 | D:4      | Noticed Blork the orc
  4600 | D:4      | Killed Blork the orc
  4600 | D:4      | Reached skill level 5 in Dodging
  4600 | D:4      | Reached XP level 7. HP: 13/53 MP: 2/11
  5127 | D:5      | Entered Level 5 of the Dungeon
  5600 | D:5      | Reached skill level 6 in Dodging
  5855 | D:5      | Reached skill level 5 in Fighting
  5855 | D:5      | Reached XP level 8. HP: 28/62 MP: 10/12
  6379 | D:5      | Found a sparkling altar of Nemelex Xobeh.
  6489 | D:6      | Found Wufehuwk's General Store.
  6603 | D:6      | Found Haphag's Antique Weapon Boutique.
  6627 | D:6      | Reached skill level 7 in Dodging
  7014 | D:6      | Noticed Eustachio
  7114 | D:7      | Learned a level 1 spell: Shock
  7341 | D:7      | Got a faintly glowing leather armour
  7357 | D:7      | Identified the +3 leather armour "Ybbuakhu" {rF+ rC+} (You found it on level 7 of the Dungeon)
  7438 | D:7      | Reached skill level 8 in Dodging
  7479 | D:7      | Reached XP level 9. HP: 20/71 MP: 13/13
  7721 | D:6      | Found Benwioth's Distillery.
  7972 | D:6      | Found Ximiqah's Assorted Antiques.
  7992 | D:6      | Noticed Menkaure
  8002 | D:6      | Killed Menkaure
  8005 | D:6      | Bought a scroll labeled EQALIY NILAITU for 32 gold pieces
  8005 | D:6      | Bought a scroll labeled COCAT VIKEGUUT for 32 gold pieces
  8144 | D:6      | Noticed Sigmund
  8164 | D:6      | Killed Sigmund
  8362 | D:6      | Killed Eustachio
  8362 | D:6      | Reached skill level 9 in Dodging
  8410 | D:6      | Found an iron altar of Okawaru.
  9221 | D:7      | Found a staircase to the Ecumenical Temple.
  9261 | Temple   | Entered the Ecumenical Temple
  9942 | D:7      | Reached XP level 10. HP: 33/80 MP: 14/14
 10257 | D:7      | Reached skill level 10 in Dodging
 10443 | D:7      | Found a deep blue altar of Sif Muna.
 10476 | D:7      | Became a worshipper of Sif Muna the Loreminder
 11168 | D:8      | Noticed Prince Ribbit
 11180 | D:8      | Killed Prince Ribbit
 11345 | D:8      | Noticed Grum
 11349 | D:8      | Killed Grum
 11365 | D:8      | Reached * piety under Sif Muna
 11548 | D:8      | Noticed Harold
 11871 | D:9      | Reached skill level 5 in Spellcasting
 11871 | D:9      | Reached skill level 5 in Air Magic
 12435 | D:9      | Reached ** piety under Sif Muna
 12783 | D:10     | Entered Level 10 of the Dungeon
 12887 | D:10     | Reached skill level 1 in Shields
 13600 | D:10     | Reached XP level 11. HP: 72/87 MP: 0/20
 14217 | D:10     | Found a staircase to the Orcish Mines.
 14314 | D:11     | Noticed an eight-headed hydra
 14329 | D:11     | HP: 1/87 [eight-headed hydra (6)]
 14329 | D:11     | Mangled by an eight-headed hydra

Vault maps used:
D:1:      dpeg_arrival_tiny_a
D:2:      first_ration, grunt_decor_clamped
D:3:      chequers_ecumenical_altar_grove, minmay_misc_feat_pillars,
          patterned_corridor
D:4:      lemuel_coloured_pillars_altar, gup_sewer_entry_bubbles,
          nicolae_ru_great_annihilating_truth, uniq_blork_the_orc
D:5:      nemelex_xobeh_ov_fountains_minmay, cheibrodos_gnoll_hut
D:6:      okawaru_metal_pillars_1_2, serial_shops, shop_statue,
          nicolae_shop_waterfront, shop, shop, uniq_sigmund, uniq_eustachio,
          uniq_menkaure
D:7:      kennysheep_housing_project, led_sif_pool, minmay_temple_entry_statues
D:8:      grunt_ogre_cave, uniq_prince_ribbit1, uniq_harold, uniq_grum
D:10:     hiddenorc1_lemuel, serial_glass, glass_columns_a, glass_columns_c,
          kennysheep_generic_room_15
D:11:     grunt_lair_entry_orc_guard_hut, maelrawn_ghost_labyrinth_escape
Temple:   hc_temple_tempest_star

Skill      XL: |  1  2  3  4  5  6  7  8  9 10 11 |
---------------+----------------------------------+-----
Air Magic      | 3 6 |  6.5
Spellcasting   | 3 6 |  6.5
Dodging        | 2 3 4 5 6 8 9 10 | 10.1
Fighting       | 1 2 3 5 6 8 |  8.3
Shields        | 1 2 |  2.1
Stealth        | |  1.5
Conjurations   | |  0.7

Action                   |  1- 3 |  4- 6 |  7- 9 | 10-12 || total
-------------------------+-------+-------+-------+-------++-------
Melee: Unarmed           |    13 |       |       |       ||    13
       Hand axe          |       |    51 |   358 |   114 ||   523
 Cast: Shock             |    90 |   100 |   169 |   132 ||   491
       Airstrike         |       |       |       |   158 ||   158
Invok: Divine Energy     |       |       |       |     1 ||     1
Evoke: Wand              |       |     5 |     9 |     4 ||    18
  Use: Scroll            |       |       |    11 |     3 ||    14
 Stab: Paralysed         |       |     1 |       |       ||     1
       Distracted        |       |       |       |     1 ||     1
Armor: Robe              |    14 |       |       |       ||    14
       Ring mail         |       |    35 |    50 |       ||    85
       Leather armour    |       |       |    64 |    49 ||   113
Dodge: Dodged            |    41 |    87 |   420 |   230 ||   778
Block: Buckler           |       |       |       |    24 ||    24

Table legend:
 A = Non-vault XP
 B = Vault XP
 C = Vault XP percentage of total XP
 D = Non-vault monster count
 E = Vault monster count
 F = Vault count percentage of total count
 G = Total turns spent on level
                 A         B        C        D         E       F
            +---------+---------+-------+---------+---------+-------
      Total |    9157 |    2886 |  24.0 |     244 |      70 |  22.3
            +---------+---------+-------+---------+---------+-------
        D:1 |      38 |       0 |   0.0 |      20 |       0 |   0.0
        D:2 |      58 |       0 |   0.0 |      18 |       0 |   0.0
        D:3 |      54 |       0 |   0.0 |      21 |       0 |   0.0
        D:4 |     554 |     126 |  18.5 |      21 |      11 |  34.4
        D:5 |     860 |      99 |  10.3 |      28 |       3 |   9.7
        D:6 |    1307 |     625 |  32.3 |      40 |       4 |   9.1
        D:7 |    1688 |     897 |  34.7 |      22 |      28 |  56.0
        D:8 |     835 |     907 |  52.1 |      18 |       6 |  25.0
        D:9 |    1482 |       0 |   0.0 |      34 |       0 |   0.0
       D:10 |    2196 |     232 |   9.6 |      21 |      18 |  46.2
     Temple |      85 |       0 |   0.0 |       1 |       0 |   0.0
            +---------+---------+-------+---------+---------+-------
